 Dungeon Crawl Stone Soup version 0.22.0-27-ga576289 (webtiles) character file.

189 Lew the Skirmisher (level 5, -1/34 HPs)
             Began as a Gargoyle Abyssal Knight on Aug 21, 2018.
             Was a Believer of Lugonu.
             Slain by an orc wizard
             ... wielding a +0 dagger
              (2 damage)
             ... on level 3 of the Dungeon.
             The game lasted 00:04:55 (1850 turns).

Lew the Skirmisher (Gargoyle Abyssal Knight)        Turns: 1850, Time: 00:04:57

Health: -1/34      AC: 10    Str: 16    XL:     5   Next: 68%
Magic:  7/7        EV: 11    Int: 16    God:    Lugonu [**....]
Gold:   169        SH:  0    Dex: 12    Spells: 4/4 levels left

rFire    . . .     SeeInvis .   m - +2 hand axe (distort)
rCold    . . .     Gourm    .   (no shield)
rNeg     + . .     Faith    .   i - +0 ring mail
rPois    ∞         Spirit   .   (helmet restricted)
rElec    +         Reflect  .   d - +0 cloak
rCorr    .         Harm     .   (no gloves)
MR       .....                  (no boots)
Stlth    ..........             (no amulet)
HPRegen  0.11/turn              (no ring)
MPRegen  0.10/turn              j - +4 ring of intelligence

@: confused
A: horns 1, agile 1, negative energy resistance 1, electricity resistance,
unbreathing, petrification resistance, rot immunity, AC +4
a: Depart the Abyss, Bend Space, Renounce Religion


You were on level 3 of the Dungeon.
You worshipped Lugonu.
Lugonu was pleased with you.
You were not hungry.

You visited 1 branch of the dungeon, and saw 3 of its levels.
You visited the Abyss 1 time.

You collected 169 gold pieces.

Inventory:

Hand Weapons
 a - a +1 falchion
 m - a +2 hand axe of distortion (weapon)
Armour
 d - a +0 cloak (worn)
 i - a +0 ring mail (worn)
Jewellery
 b - a +3 ring of protection {unknown}
 j - a +4 ring of intelligence (right hand)
Wands
 k - a wand of paralysis (10)
Scrolls
 f - 3 scrolls of amnesia
 g - 2 scrolls of identify
 h - 2 scrolls of teleportation
 l - a scroll of remove curse
Potions
 e - 3 potions of heal wounds
 n - a potion of curing
Comestibles
 c - 4 rations


   Skills:
 + Level 4.5 Fighting
 * Level 2.9 Long Blades
 + Level 2.7 Armour
 * Level 1.9 Dodging
 + Level 1.5 Stealth
 + Level 2.7 Invocations


You had 4 spell levels left.
You didn't know any spells.
Your spell library was empty.

Dungeon Overview and Level Annotations

Branches:
Dungeon (3/15)

Altars:


Innate Abilities, Weirdness & Mutations

You are resistant to torment.
Your stone body is resilient. (AC +4)
You are immune to poison.
You resist negative energy. (rN+)
You are resistant to electric shocks. (rElec)
You can survive without breathing.
You are immune to petrification.
You are immune to rotting.
You have a pair of small horns on your head.
You are agile. (Dex +2)


Message History

Something hits you but does no damage.
You closely miss something. Your headbutt misses something.
You completely miss the orc. Something hits you but does no damage.
The orc hits you with a lajatang!
* * * LOW HITPOINT WARNING * * *
Something hits you but does no damage.
You barely miss something. You hit the orc but do no damage.
The orc disappears!
Something hits you but does no damage.
You hit something.
Space bends around something.
You hear some strange, mumbled words.
You are confused.
Unknown command.
You're too confused!
You're too confused!
You closely miss something. Something hits you but does no damage.
You bump into the rock wall.
Something hits you.
* * * LOW HITPOINT WARNING * * *
You miss something. Your headbutt misses something.
Something hits you but does no damage. Something hits you.
You die...

###...##.#.#.#
#...####.#....#
#.### ..######
####.# ##.##
#.##.# #..
#.#..####.#
#.....<...# .
###.#####.###s...
#.# #.@{KKo...
#.# #.####....
#.# #.# . ###.#
#.# #...####.#
#........#
##########


You could see an orc, a giant cockroach and 2 kobolds.

Vanquished Creatures
  A scorpion (D:3)
  An orc priest (D:3)
  2 gnolls (D:3)
  3 adders
  An ooze (D:3)
  2 dart slugs
  A leopard gecko (D:2)
  5 orcs (D:3)
  4 goblins
  8 hobgoblins
  6 jackals
  A quokka (D:3)
  A ball python (D:1)
  3 bats
  3 frilled lizards
  4 kobolds
  7 rats
53 creatures vanquished.

Notes
Turn   | Place    | Note
-------+----------+-------------------------------------------
     0 | Abyss:1  | Lew the Gargoyle Abyssal Knight began the quest for the Orb.
     0 | Abyss:1  | Reached XP level 1. HP: 14/14 MP: 2/2
    71 | Abyss:1  | Noticed a rakshasa
    86 | Abyss:1  | Noticed a quasit
    95 | Abyss:1  | Noticed an efreet
    96 | D:1      | Escaped the Abyss
   231 | D:1      | Reached XP level 2. HP: 15/20 MP: 3/3
   243 | D:1      | Reached * piety under Lugonu
   638 | D:1      | Reached skill level 4 in Fighting
  1004 | D:2      | Reached XP level 3. HP: 24/24 MP: 4/4
  1008 | D:2      | Gained mutation: You have a pair of small horns on your head. [potion of mutation]
  1008 | D:2      | Gained mutation: You are agile. (Dex +2) [potion of mutation]
  1350 | D:2      | Reached skill level 1 in Dodging
  1511 | D:3      | Reached XP level 4. HP: 25/30 MP: 5/5
  1533 | D:3      | Reached ** piety under Lugonu
  1583 | D:3      | Reached skill level 1 in Stealth
  1599 | D:3      | Reached XP level 5. HP: 16/34 MP: 6/6
  1849 | D:3      | HP: 1/34 [something (2)]
  1850 | D:3      | Slain by an orc wizard

Skill      XL: |  1  2  3  4 |
---------------+-------------+-----
Fighting       | 4 |  4.5
Long Blades    | 2 |  2.9
Dodging        | 1 |  1.9
Stealth        | 1 |  1.5
Armour         | |  2.7
Invocations    | |  2.7

Action                   |  1- 3 |  4- 6 || total
-------------------------+-------+-------++-------
Melee: Falchion          |   112 |    48 ||   160
       Headbutt          |     7 |    10 ||    17
       Hand axe          |       |     7 ||     7
Invok: Depart the Abyss  |     1 |       ||     1
  Use: Scroll            |     9 |       ||     9
       Potion            |     3 |       ||     3
  Eat: Chunk             |     2 |       ||     2
       Ration            |       |     1 ||     1
Armor: Leather armour    |     7 |       ||     7
       Ring mail         |    47 |    26 ||    73
Dodge: Dodged            |    73 |    21 ||    94
       Rpst.: Falchion   |    24 |    10 ||    34
